Map: Blueshift LE

Players

NeoBlade

  • Race: Protoss Protoss
  • League: Platinum
  • Spawn Location: 1:00

A.I. 1 (Medium) - Winner!

  • Race: Protoss Protoss
  • Spawn Location: 7:00

VOD

Have the link to the VOD?

Description

Time

  • Played on: Nov. 15, 2018, 3:48 p.m.
  • Length: 3:41
Show
View Real Time Build Order
Export as new Build Order

NeoBlade Protoss 

Build Orders:  

Get SALT Encoding   

  12  0:01  Probe  
  13  0:13  Probe  
  14  0:21  Pylon  
  14  0:25  Probe  
  15  0:40  Probe (Chrono Boost)  
  15  0:41  Gateway  
  16  0:47  Probe (Chrono Boost)  
  17  0:53  Gateway  
  17  0:56  Probe (Chrono Boost)  
  18  1:02  Assimilator  
  18  1:08  Probe (Chrono Boost)  
  19  1:16  Pylon  
  19  1:17  Probe (Chrono Boost)  
  20  1:24  Probe  
  21  1:33  Zealot  
  21  1:36  Probe  
  24  1:45  Cybernetics Core  
  24  1:46  Zealot (Chrono Boost)  
  26  1:53  Pylon  
  26  1:54  Probe  
  27  2:06  Probe  
  28  2:09  Zealot (Chrono Boost)  
  30  2:24  Stalker (Chrono Boost)  
  30  2:27  Stalker  
  34  2:40  Probe  
  34  2:42  Pylon  
  35  2:52  Probe  
  35  2:56  Nexus  
  36  3:05  Probe  
  37  3:13  Twilight Council  
  37  3:18  Probe  
  38  3:30  Gateway  
  38  3:34  Pylon  
Show
View Real Time Build Order
Export as new Build Order

A.I. 1 (Medium) Protoss - Winner!

Build Orders: 1 Gate Expand 

Get SALT Encoding   

  12  0:00  Probe  
  13  0:13  Probe  
  14  0:18  Pylon  
  14  0:25  Probe  
  15  0:33  Probe  
  15  0:39  Gateway  
  15  0:41  Probe  
  17  1:08  Probe  
  17  1:10  Nexus  
  18  1:26  Zealot  
  18  1:29  Pylon  
  18  1:31  Assimilator  
  20  1:42  Cybernetics Core  
  20  1:43  Probe  
  21  1:54  Probe  
  22  2:02  Probe  
  22  2:08  Gateway  
  23  2:10  Probe  
  23  2:14  Assimilator  
  24  2:19  Stalker  
  24  2:21  Probe  
  26  2:24  Pylon  
  27  2:32  Probe  
  28  2:44  Zealot  
  30  2:59  Assimilator  
  30  3:04  Sentry  
  32  3:06  Assimilator  
  30  3:14  Zealot  
  28  3:21  Probe  
Tags
 
League
Platinum
Matchup
PvP
Spawn Locations
Cross Positions
Add a new tag
Caveats
  • Supply blocks, unpowered buildings, or Contaminate may cause inaccurate times.
  • Supply counts are checked every 10 seconds.